 Dungeon Crawl Stone Soup version 0.31.0-9-g3a7656b989 (webtiles) character file.

Game seed: 5215217769248888418

702 qw the Shooter (level 7, 0/36 HPs)
             Began as a Spriggan Hunter on Feb 2, 2024.
             Succumbed to their own poison gas
             ... on level 5 of the Dungeon.
             The game lasted 00:00:12 (3227 turns).

qw the Shooter (Spriggan Hunter)                    Turns: 3227, Time: 00:00:13

Health: 0/36       AC:  7    Str:  9    XL:     7   Next: 38%
Magic:  8/8        EV: 36    Int: 11    God:
Gold:   281        SH:  0    Dex: 20    Spells: 6/6 levels left

rFire   + . .        a - +0 shortbow (freeze)
rCold   . . .        (shield currently unavailable)
rNeg    . . .        c - +0 robe
rPois   .            (helmet restricted)
rElec   +            j - +0 cloak
rCorr   .            (gloves unavailable)
SInv    +            (boots unavailable)
Will    +....        g - amulet "Vonetosi" {Acrobat rElec Str+2}
Stlth   ++           f - ring of protection from fire
HPRegen 0.26/turn    b - +4 ring of protection
MPRegen 0.11/turn

%: acrobat
@: lethally poisoned (0 -> -36), acrobatic, very quick
A: very small, no large weapons, unfitting armour, see invisible, speed 3
a: no special abilities


You were on level 5 of the Dungeon.
You visited 1 branch of the dungeon, and saw 5 of its levels.

You collected 281 gold pieces.


Innate Abilities, Weirdness & Mutations

You are very small and have problems with some larger weapons.
You are too small for most types of armour.
You have supernaturally acute eyesight. (SInv)
You cover ground extremely quickly. (Speed+++)


   Skills:
 - Level 3.2 Fighting
 - Level 7.1 Ranged Weapons
 + Level 6.4 Dodging
 - Level 1.5 Stealth


You had 6 spell levels left.
You didn't know any spells.
Your spell library was empty.

Inventory:

Hand Weapons
 a - a +0 shortbow of freezing (weapon)
Armour
 c - a +0 robe (worn)
 j - a +0 cloak (worn)
Jewellery
 b - a +4 ring of protection (right hand)
 f - a ring of protection from fire (left hand)
 g - the amulet "Vonetosi" (around neck) {Acrobat rElec Str+2}
   (You acquired it on level 1 of the Dungeon)

   [amulet of the acrobat]

   Acrobat:   It increases your evasion while moving and waiting.
   Str+2:     It affects your strength (+2).
   rElec:     It insulates you from electricity.
Wands
 k - a wand of quicksilver (7)
Potions
 d - 2 potions of curing
 e - 2 potions of might
 h - a potion of mutation {unknown}
 l - 2 potions of enlightenment
 n - a potion of degeneration {unknown}

Dungeon Overview and Level Annotations

Branches:
Dungeon (5/15)
 Temple: D:4-7

Altars:

Shops:
D:2 =

Annotations:
D:5 exclusion: orc


Message History

The hound closely misses you.
You shoot an arrow. The arrow hits the hound.
The arrow freezes the hound.
You kill the hound!
Your Ranged Weapons skill increases to level 7!
Things that are here:
a +0 dagger; a +0 robe; a ring of magical power You enter the shallow water.
Moving in this stuff is going to be slow.
Partly explored, can't reach some items and places.
3211 ||| READING scroll labelled GOZATHAMEK.
The air fills with toxic fumes!
As you read the scroll labelled GOZATHAMEK, it crumbles to dust.
It was a scroll of poison.
3212 ||| READING scroll labelled HUTWIG TURR.
As you read the scroll labelled HUTWIG TURR, it crumbles to dust.
You assume a fearsome visage.
Nothing appears to happen.
It was a scroll of fear.
You are engulfed in poison gas.
You are poisoned.
You feel very sick.
3214 ||| Stepping ~*~*~tactically~*~*~ (cloud).
You enter the shallow water.
Moving in this stuff is going to be slow.
You feel sick.
You start resting.
You feel sick. x8
You are no longer poisoned.
A white imp comes into view.
3225 ||| FLEEEEING.
You are engulfed in poison gas.
You are lethally poisoned!
You feel very sick.
3226 ||| Stepping ~*~*~tactically~*~*~ (cloud).
You enter the shallow water.
Moving in this stuff is going to be slow.
You feel sick.
The white imp shouts, "Get thee gone, thou reeling-ripe idle-headed bandersnitch!"
3227 ||| FLEEEEING.
You are engulfed in poison gas.
You are more poisoned.
You die...

P~.~.~...# #....# #~.~#
~~~~P....#####..# #~.~#
~~~~P~0.00.0....# ##.##
~~~~~000P)..###.# ##.#
~~~~~~0~~05.00.0# #..#
P~P~~00~~00..##.# #.##
~~.~~00~~~.P000.# ##.#
....~0~0~0~0P000# #..#
.....P.000~.@~00####.##
##..000~0~0~~~......#
...0.%~~~0%..0##0##
...0)#~0~##..##.#
.00.##00~#.0##)# ...
#00##..##.###### .
##~~#####......# ##~
######.# # ######.#.#


You could see a white imp.

Vanquished Creatures
  Menkaure (D:4)
  A water moccasin (D:5)
  An ogre (D:5)
  A phantom (D:4)
  2 hounds
  A jelly (D:4)
  4 orc wizards (D:5)
  6 adders
  2 dart slugs
  A ribbon worm (D:2)
  10 orcs
  6 ball pythons
  5 bats
  6 endoplasms
  5 giant cockroaches
  5 hobgoblins
  3 jackals
  3 kobolds
  4 quokkas
  2 frilled lizards (D:1)
  3 goblins
  A rat (D:2)
73 creatures vanquished.

Notes
Turn   | Place    | Note
-------+----------+-------------------------------------------
     0 | D:1      | qw the Spriggan Hunter began the quest for the Orb.
     0 | D:1      | Reached XP level 1. HP: 10/10 MP: 2/2
     0 | D:1      | 0 ||| qw: Version: 0.3-a-155-g5e7d8dd
     0 | D:1      | 0 ||| qw: Game counter: 1336
     0 | D:1      | 0 ||| qw: Melee chars always use a shield: true
     0 | D:1      | 0 ||| qw: God list: Okawaru
     0 | D:1      | 0 ||| qw: Allow faded altars: false
     0 | D:1      | 0 ||| qw: Do Orc after clearing Dungeon:15 true
     0 | D:1      | 0 ||| qw: Do second Lair branch before Depths: true
     0 | D:1      | 0 ||| qw: Lair rune preference: random
     0 | D:1      | 0 ||| qw: Goals: Normal
     0 | D:1      | 0 ||| PLANNING D:1-11
    33 | D:1      | Reached skill level 3 in Dodging
   102 | D:1      | Reached XP level 2. HP: 14/14 MP: 3/3
   707 | D:1      | Found a faded altar of an unknown god.
   745 | D:1      | 745 ||| UPGRADING to +0 cloak.
   750 | D:1      | 750 ||| UPGRADING to ring of protection from fire.
   751 | D:1      | 751 ||| READING scroll labelled YQU POCLIYLOGH.
   751 | D:1      | 751 ||| IDENTIFYING bubbling white potion
   752 | D:1      | 752 ||| READING scroll labelled DIMISHR KEIL.
   753 | D:1      | 753 ||| READING 2 scrolls labelled NOEZUD LUEGROMIAX.
   754 | D:1      | 754 ||| READING scroll labelled KERUDO TOYKLO.
   754 | D:1      | Identified a scroll of acquirement
   754 | D:1      | 754 ||| ACQUIRING amulet "Vonetosi" {Acrobat rElec Str+2}
   754 | D:1      | Acquired the amulet "Vonetosi" {Acrobat rElec Str+2}
   756 | D:1      | 756 ||| UPGRADING to amulet "Vonetosi" {Acrobat rElec
                  | Str+2}.
   761 | D:1      | 761 ||| DROPPING scroll of butterflies.
   762 | D:1      | 762 ||| DROPPING scroll of noise.
   885 | D:2      | Reached XP level 3. HP: 17/18 MP: 4/4
  1170 | D:2      | Reached skill level 5 in Ranged Weapons
  1217 | D:2      | Found Heixt's Jewellery Shoppe.
  1220 | D:2      | 1220 ||| SHOPLISTING +4 ring of slaying (780 gold, have
                  | 68).
  1220 | D:2      | 1220 ||| SHOPLISTING ring of ice (250 gold, have 68).
  1220 | D:2      | 1220 ||| SHOPLISTING ring of protection from fire (250
                  | gold, have 68).
  1455 | D:2      | 1455 ||| READING 2 scrolls of identify.
  1455 | D:2      | 1455 ||| IDENTIFYING fuming purple potion
  1456 | D:2      | 1456 ||| READING scroll of identify.
  1456 | D:2      | 1456 ||| IDENTIFYING viscous dark potion
  1457 | D:2      | 1457 ||| DRINKING 3 amethyst potions.
  1458 | D:2      | 1458 ||| DROPPING potion of brilliance.
  1459 | D:2      | 1459 ||| DROPPING potion of ambrosia.
  1501 | D:3      | Reached XP level 4. HP: 22/22 MP: 5/5
  2358 | D:3      | 2358 ||| UPGRADING to +4 ring of protection.
  2359 | D:3      | 2359 ||| DROPPING ring of magical power.
  2360 | D:3      | 2360 ||| READING 2 scrolls of identify.
  2360 | D:3      | 2360 ||| IDENTIFYING scroll labelled QAAXIUPSIS
  2361 | D:3      | 2361 ||| READING scroll of identify.
  2361 | D:3      | 2361 ||| IDENTIFYING scroll labelled UXKUSYN UNYTUH
  2362 | D:3      | 2362 ||| READING scroll of brand weapon.
  2362 | D:3      | 2362 ||| BRANDING +0 shortbow.
  2363 | D:3      | 2363 ||| DROPPING scroll of revelation.
  2512 | D:4      | Noticed Menkaure
  2513 | D:4      | 2513 ||| ZAPPING wand of quicksilver (14) at -7,-3
                  | (Menkaure; floor).
  2515 | D:4      | 2515 ||| ZAPPING wand of flame (10) at -4,-3 (Menkaure;
                  | floor).
  2515 | D:4      | Killed Menkaure
  2516 | D:4      | Reached skill level 3 in Fighting
  2516 | D:4      | Reached XP level 5. HP: 28/28 MP: 6/6
  2635 | D:4      | Noticed a phantom
  2636 | D:4      | 2636 ||| ZAPPING wand of flame (9) at 1,7 (phantom; floor).
  2637 | D:4      | 2637 ||| ZAPPING wand of flame (8) at 1,6 (phantom; floor).
  2638 | D:4      | 2638 ||| ZAPPING wand of flame (7) at 1,5 (phantom; floor).
  2639 | D:4      | 2639 ||| ZAPPING wand of flame (6) at 1,4 (phantom; floor).
  2640 | D:4      | 2640 ||| ZAPPING wand of flame (5) at 1,3 (phantom; floor).
  2641 | D:4      | 2641 ||| ZAPPING wand of flame (4) at 1,2 (phantom; floor).
  2642 | D:4      | 2642 ||| ZAPPING wand of flame (3) at 0,1 (phantom; floor).
  2643 | D:4      | 2643 ||| ZAPPING wand of flame (2) at 0,1 (phantom; floor).
  2644 | D:4      | 2644 ||| ZAPPING wand of flame (1) at 0,1 (phantom; floor).
  2645 | D:4      | 2645 ||| ZAPPING wand of quicksilver (13) at 1,0 (phantom;
                  | floor).
  2646 | D:4      | 2646 ||| ZAPPING wand of quicksilver (12) at 1,0 (phantom;
                  | floor).
  2646 | D:4      | Killed a phantom
  2647 | D:4      | Reached XP level 6. HP: 31/32 MP: 7/7
  2843 | D:4      | Reached skill level 6 in Ranged Weapons
  2921 | D:4      | 2921 ||| DRINKING 3 bubbling orange potions.
  2943 | D:5      | Entered Level 5 of the Dungeon
  2950 | D:5      | 2950 ||| STAIRDANCE
  3009 | D:5      | Reached skill level 6 in Dodging
  3016 | D:5      | Noticed a water moccasin
  3017 | D:5      | 3017 ||| ZAPPING wand of quicksilver (11) at -7,-1 (water
                  | moccasin; deep_water).
  3021 | D:5      | 3021 ||| ZAPPING wand of quicksilver (10) at -6,-3 (water
                  | moccasin; deep_water).
  3022 | D:5      | 3022 ||| ZAPPING wand of quicksilver (9) at -3,-1 (water
                  | moccasin; deep_water).
  3023 | D:5      | 3023 ||| ZAPPING wand of quicksilver (8) at -1,0 (water
                  | moccasin; shallow_water).
  3023 | D:5      | Killed a water moccasin
  3024 | D:5      | Reached XP level 7. HP: 36/36 MP: 8/8
  3208 | D:5      | Reached skill level 7 in Ranged Weapons
  3211 | D:5      | 3211 ||| READING scroll labelled GOZATHAMEK.
  3212 | D:5      | 3212 ||| READING scroll labelled HUTWIG TURR.
  3214 | D:5      | 3214 ||| Stepping ~*~*~tactically~*~*~ (cloud).
  3225 | D:5      | 3225 ||| FLEEEEING.
  3226 | D:5      | 3226 ||| Stepping ~*~*~tactically~*~*~ (cloud).
  3227 | D:5      | 3227 ||| FLEEEEING.
  3227 | D:5      | Succumbed to their own poison gas

Levels and vault maps discovered:
D:1:      co_arrival_square_in_a_square_in_a_square, layout_basic,
          nicolae_ecumenical_lake_church
D:2:      layout_loops_cross, serial_shops, nicolae_shop_real_fake_doors
D:3:      layout_loops_corners, kennysheep_big_empty_room, serial_bayou_crossing
D:4:      layout_rooms, uniq_menkaure
D:5:      layout_basic, amcnicky_mini_rare_corridor_liquid, chequers_big_river,
          grunt_ministairs_12, uniq_ijyb

Skill      XL: |  1  2  3  4  5  6  7 |
---------------+----------------------+-----
Dodging        | 3 4 5 6 |  6.4
Ranged Weapons | 5 6 7 |  7.1
Fighting       | 3 |  3.2
Stealth        | |  1.5

Action                     |  1- 3 |  4- 6 |  7- 9 || total
---------------------------+-------+-------+-------++-------
   Fire: Shortbow          |    91 |    67 |    29 ||   187
  Evoke: Wand              |       |    17 |       ||    17
    Use: Scroll            |     6 |     3 |     2 ||    11
         Potion            |     1 |     1 |       ||     2
 Armour: Robe              |     7 |     8 |     1 ||    16
  Dodge: Dodged            |    34 |    26 |     2 ||    62

Table legend:
 A = Non-vault XP
 B = Vault XP
 C = Vault XP percentage of total XP
 D = Non-vault monster count
 E = Vault monster count
 F = Vault count percentage of total count
                 A         B        C        D         E       F
            +---------+---------+-------+---------+---------+-------
      Total |     783 |     220 |  21.9 |      65 |       8 |  11.0
            +---------+---------+-------+---------+---------+-------
        D:1 |      23 |       0 |   0.0 |      13 |       0 |   0.0
        D:2 |      72 |       0 |   0.0 |      19 |       0 |   0.0
        D:3 |       6 |       0 |   0.0 |       3 |       0 |   0.0
        D:4 |     254 |     172 |  40.4 |      20 |       2 |   9.1
        D:5 |     428 |      48 |  10.1 |      10 |       6 |  37.5
            +---------+---------+-------+---------+---------+-------
